 Dungeon Crawl Stone Soup version 0.30-a0-618-gd6c86c23d0 (webtiles) character file.

Game seed: 2573515689514601525

133 voltaire321 the Covered (level 5, -1/33 HPs)
             Began as a Gargoyle Fighter on Jan 9, 2023.
             Slain by an orc
             ... wielding a +0 trident
              (7 damage)
             ... on level 4 of the Dungeon.
             The game lasted 00:06:13 (2386 turns).

voltaire321 the Covered (Gargoyle Fighter)          Turns: 2386, Time: 00:06:14

Health: -1/33      AC: 12    Str: 22    XL:     5   Next: 16%
Magic:  5/5        EV: 14    Int:  8    God:
Gold:   108        SH:  4    Dex:  9    Spells: 4/4 levels left

rFire   . . .      SeeInvis .    a - +0 flail
rCold   . . .      Faith    .    c - +0 buckler
rNeg    + . .      Spirit   .    b - +0 scale mail
rPois   ∞          Reflect  .    q - +0 helmet
rElec   +          Harm     .    (no cloak)
rCorr   .          Rampage  .    (no gloves)
Will    .....                    (no boots) Stlth
                                 (no amulet)
HPRegen 0.25/turn                t - +5 ring of evasion
MPRegen 0.09/turn                (no ring)

@: no status effects
A: sickness immunity, AC +4, negative energy resistance 1, electricity
resistance, torment resistance 1, petrification resistance
a: no special abilities


You were on level 4 of the Dungeon.
You visited 1 branch of the dungeon, and saw 4 of its levels.

You collected 108 gold pieces.

Inventory:

Hand Weapons
 a - a +0 flail (weapon)
Missiles
 h - 3 poisoned darts (quivered)
Armour
 b - a +0 scale mail (worn)
 c - a +0 buckler (worn)
 q - a +0 helmet (worn)
Jewellery
 k - an amulet of magic regeneration
 t - a +5 ring of evasion (left hand)
Scrolls
 f - a scroll of magic mapping {unknown}
 g - 3 scrolls of identify {unknown}
 j - a scroll of fear {unknown}
 l - a scroll of acquirement {unknown}
 m - a scroll of poison {unknown}
 o - a scroll of enchant armour {unknown}
 r - a scroll of immolation {unknown}
 s - a scroll of noise {unknown}
Potions
 d - a potion of might
 e - a potion of degeneration {unknown}
 i - a potion of lignification {unknown}
 n - a potion of attraction {unknown}
 p - 2 potions of curing {unknown}


   Skills:
 + Level 4.0 Fighting
 + Level 2.9 Maces & Flails
 + Level 1.4 Throwing
 + Level 4.1 Armour
 + Level 4.1 Shields


You had 4 spell levels left.
You didn't know any spells.
Your spell library contained the following spells:

 Spells                   Type           Power      Damage    Failure   Level
 Magic Dart               Conj           0%         1d3       82%         1
 Call Imp                 Summ           0%         N/A       91%         2
 Mephitic Cloud           Conj/Pois/Air  0%         N/A       99%         3


Dungeon Overview and Level Annotations

Branches:
Dungeon (4/15)
 Temple: D:4-7

Altars:


Innate Abilities, Weirdness & Mutations

You are immune to sickness and miasma.
Your stone body is resilient. (AC +4)
You are immune to poison.
You resist negative energy. (rN+)
You are resistant to electric shocks. (rElec)
You are resistant to unholy torment.
You are immune to petrification.


Message History

The giant cockroach misses you.
You barely miss the giant cockroach. You block the giant cockroach's attack.
You completely miss the giant cockroach.
You block the giant cockroach's attack.
The giant cockroach completely misses you.
You hit the giant cockroach.
The giant cockroach is almost dead.
The giant cockroach misses you.
You thump the giant cockroach!
You kill the giant cockroach!
The orc closely misses you. The ball python closely misses you.
The ball python barely misses you.
You sock the ball python!
You kill the ball python!
The orc barely misses you.
You thump the orc priest!
The orc priest is severely wounded.
The orc priest hits you but does no damage.
The orc hits you from afar with a +0 trident.
The orc misses you. You block the orc priest's attack.
You sock the orc priest!
You kill the orc priest!
The orc hits you from afar with a +0 trident.
Your Fighting skill increases to level 4!
You have reached level 5!
You hit the hobgoblin.
The hobgoblin is severely wounded.
The orc closely misses you. You block the hobgoblin's attack.
You barely miss the hobgoblin.
The hobgoblin is severely wounded.
The orc closely misses you. The hobgoblin barely misses you.
The hobgoblin hits you but does no damage.
The orc barely misses you.
You hit the hobgoblin.
You kill the hobgoblin!
A magic dart appears from out of thin air!
The magic dart hits you!
* * * LOW HITPOINT WARNING * * *
The orc hits you from afar with a +0 trident!
You die...

# .......... #....
#)........
#...####.........
##................
###.................
###..(..# ##......#
#....... ##.....###.#
#......###..<........#
#.....@){o...###S.....
####..##o......##.....
##.#.........#.....
#...........)......
#...............##.
#####....#.......
.............
#.............
#............


You could see 2 orcs.

Vanquished Creatures
  An orc priest (D:4)
  4 adders (D:3)
  A dart slug (D:3)
  An orc (D:3)
  9 endoplasms
  3 giant cockroaches
  7 goblins
  8 hobgoblins
  4 kobolds
  4 quokkas
  8 ball pythons
  6 bats
  3 frilled lizards
  4 rats (D:1)
63 creatures vanquished.

Notes
Turn   | Place    | Note
-------+----------+-------------------------------------------
     0 | D:1      | voltaire321 the Gargoyle Fighter began the quest for the
                  | Orb.
     0 | D:1      | Reached XP level 1. HP: 14/14 MP: 1/1
   115 | D:1      | Reached XP level 2. HP: 18/19 MP: 2/2
   677 | D:1      | Reached XP level 3. HP: 23/23 MP: 3/3
  1977 | D:3      | Reached XP level 4. HP: 29/29 MP: 4/4
  1983 | D:3      | Reached skill level 1 in Throwing
  2384 | D:4      | Reached XP level 5. HP: 13/33 MP: 5/5
  2386 | D:4      | Slain by an orc

Illustrated notes

Levels and vault maps discovered:
D:1:      dpeg_arrival_windows_large_door, layout_basic
D:2:      minmay_inner_zag, layout_basic
D:3:      layout_rooms
D:4:      layout_cave_pools, small_statue_intersection

Skill      XL: |  1  2  3  4 |
---------------+-------------+-----
Throwing       | 1 |  1.4
Armour         | 4 |  4.1
Shields        | 4 |  4.1
Fighting       | 4 |  4.0
Maces & Flails | |  2.9

Action                   |  1- 3 |  4- 6 || total
-------------------------+-------+-------++-------
Melee: Flail             |   132 |    57 ||   189
Armor: Scale mail        |    59 |    28 ||    87
Dodge: Dodged            |    64 |    48 ||   112
Block: Buckler           |    28 |     9 ||    37

Table legend: (Time is in decaauts)
 A = Elapsed time spent in this place.
 B = Non-inter-level travel time spent in this place.
 C = Inter-level travel time spent in this place.
 D = Time resting spent in this place.
 E = Time spent auto-exploring this place.
 F = Levels seen in this place.
 G = Mean time per level.
                   A        B        C        D        E       F      G
               +--------+--------+--------+--------+--------+-----+--------+
         Total |   2444 |   2370 |     74 |      0 |   1814 |   4 |  611.0 |
       Dungeon |   2444 |   2370 |     74 |      0 |   1814 |   4 |  611.0 |
               +--------+--------+--------+--------+--------+-----+--------+

Top non-repeatable levels by time:
     D:2: 1047 daAuts
     D:1: 899 daAuts
     D:3: 470 daAuts
     D:4: 26 daAuts
